 Dungeon Crawl Stone Soup version 0.31.0-9-g3a7656b989 (webtiles) character file.

Game seed: 12588999831928074329

321 qw the Skirmisher (level 6, -1/35 HPs)
             Began as a Deep Elf Hunter on Feb 2, 2024.
             Slain by an orc
             ... wielding a +0 whip
              (5 damage)
             ... on level 4 of the Dungeon.
             The game lasted 00:00:13 (2926 turns).

qw the Skirmisher (Deep Elf Hunter)                 Turns: 2926, Time: 00:00:13

Health: -1/35      AC:  6    Str: 10    XL:     6   Next: 22%
Magic:  7/7        EV: 11    Int: 14    God:
Gold:   139        SH:  5    Dex: 18    Spells: 5/5 levels left

rFire   . . .        a - +1 shortbow
rCold   . . .        (shield currently unavailable)
rNeg    . . .        f - +0 ring mail
rPois   .            (no helmet)
rElec   .            (no cloak)
rCorr   .            b - +0 pair of gloves
SInv    .            (no boots)
Will    .....        d - amulet of reflection
Stlth   +            c - ring of protection from fire
HPRegen 0.25/turn    (no ring)
MPRegen 0.10/turn

%: reflection
@: no status effects
A: low MP 1, heat vulnerability 1
a: no special abilities


You were on level 4 of the Dungeon.
You visited 1 branch of the dungeon, and saw 4 of its levels.

You collected 139 gold pieces.


Innate Abilities, Weirdness & Mutations

Your magical capacity is low. (-10% MP)
You are vulnerable to heat. (rF-)


   Skills:
 - Level 2.2 Fighting
 + Level 9.6 Ranged Weapons
 - Level 2.4 Dodging
 - Level 1.2 Stealth


You had 5 spell levels left.
You didn't know any spells.
Your spell library was empty.

Inventory:

Hand Weapons
 a - a +1 shortbow (weapon)
Armour
 b - a +0 pair of gloves (worn)
 f - a +0 ring mail (worn)
Jewellery
 c - a ring of protection from fire (left hand)
 d - an amulet of reflection (around neck)
Potions
 h - a potion of might
 j - a potion of cancellation {unknown}
 k - a potion of mutation
 m - a potion of curing {unknown}

Dungeon Overview and Level Annotations

Branches:
Dungeon (4/15)
 Temple: D:4-7

Altars:


Message History

The ogre is lightly wounded.
You shoot an arrow. The arrow hits the ogre.
The ogre is moderately wounded.
You shoot an arrow. The arrow barely misses the ogre.
An orc comes into view. It is wielding a +0 dagger.
You shoot an arrow. The arrow completely misses the ogre.
The arrow closely misses the orc.
The orc shouts!
You shoot an arrow. The arrow hits the ogre.
The ogre is heavily wounded.
An orc comes into view. It is wielding a +0 whip.
You shoot an arrow. The arrow hits the ogre.
The ogre is heavily wounded.
The ogre hits you with a +0 giant spiked club!!
Ouch! That really hurt!
An orc comes into view. It is wielding a +0 club.
You shoot an arrow. The orc shouts!
The arrow hits the ogre.
The ogre is severely wounded.
The ogre barely misses you.
You shoot an arrow. The arrow hits the ogre.
The ogre is severely wounded.
You shoot an arrow. The arrow hits the ogre.
You kill the ogre!
The orc barely misses you.
You have reached level 6!
You shoot an arrow. The arrow hits the orc.
The orc is moderately wounded.
You block the orc's attack.
You shoot an arrow. The arrow hits the orc.
The orc is severely wounded.
The orc completely misses you.
You shoot an arrow. The arrow hits the orc!
You kill the orc!
The orc closely misses you. The orc hits you with a +0 club.
You shoot an arrow.
The arrow hits the orc but does no damage.
The orc hits you with a +0 whip.
You die...

........ ......#
.....# #....# .
#....######..
#.......... #.o)....#
#.o@..# #.##..##
##.## # #..# #. ##.#
#.. #.##
#...#####..## ###
###...........#####.#
.....>......#...##.##


You could see 2 orcs.

Vanquished Creatures
  An ogre (D:4)
  An orc priest (D:3)
  Jessica (D:2)
  A sleepcap (D:4)
  6 adders (D:2)
  A white imp (D:4)
  2 dart slugs (D:2)
  6 orcs
  6 ball pythons
  6 endoplasms
  2 giant cockroaches
  9 goblins
  8 hobgoblins
  3 jackals (D:3)
  9 kobolds
  5 quokkas
  9 bats
  10 rats
86 creatures vanquished.

Notes
Turn   | Place    | Note
-------+----------+-------------------------------------------
     0 | D:1      | qw the Deep Elf Hunter began the quest for the Orb.
     0 | D:1      | Reached XP level 1. HP: 12/12 MP: 3/3
     0 | D:1      | 0 ||| qw: Version: 0.3-a-155-g5e7d8dd
     0 | D:1      | 0 ||| qw: Game counter: 397
     0 | D:1      | 0 ||| qw: Melee chars always use a shield: true
     0 | D:1      | 0 ||| qw: God list: Okawaru
     0 | D:1      | 0 ||| qw: Allow faded altars: false
     0 | D:1      | 0 ||| qw: Do Orc after clearing Dungeon:15 true
     0 | D:1      | 0 ||| qw: Do second Lair branch before Depths: true
     0 | D:1      | 0 ||| qw: Lair rune preference: random
     0 | D:1      | 0 ||| qw: Goals: Normal
     0 | D:1      | 0 ||| PLANNING D:1-11
    93 | D:1      | Reached XP level 2. HP: 16/16 MP: 4/4
    98 | D:1      | Reached skill level 6 in Ranged Weapons
   583 | D:1      | Reached XP level 3. HP: 20/20 MP: 5/5
   604 | D:1      | Found a faded altar of an unknown god.
   753 | D:1      | 753 ||| UPGRADING to +0 ring mail.
   763 | D:1      | 763 ||| DROPPING +0 leather armour.
   764 | D:1      | 764 ||| READING scroll labelled TYLUNOE QENAE.
   764 | D:1      | 764 ||| ENCHANTING +0 shortbow.
   765 | D:1      | 765 ||| READING scroll labelled JIV ANEMUMEH.
   766 | D:1      | 766 ||| READING scroll labelled BAUTUE NAXUTS.
   767 | D:1      | 767 ||| DROPPING scroll of butterflies.
   816 | D:2      | Reached skill level 7 in Ranged Weapons
   904 | D:2      | 904 ||| FLEEEEING.
   906 | D:2      | 906 ||| FLEEEEING.
   926 | D:2      | Reached XP level 4. HP: 25/25 MP: 6/6
  1201 | D:2      | Noticed Jessica
  1202 | D:2      | Killed Jessica
  1203 | D:2      | Reached skill level 8 in Ranged Weapons
  1272 | D:2      | Reached XP level 5. HP: 13/29 MP: 7/7
  1766 | D:2      | 1766 ||| UPGRADING to +0 pair of gloves.
  1771 | D:2      | 1771 ||| UPGRADING to ring of protection from fire.
  1772 | D:2      | 1772 ||| READING scroll labelled NORING VAQASO.
  1873 | D:2      | 1873 ||| READING scroll labelled QIGIQIELUW.
  1874 | D:2      | 1874 ||| DRINKING 2 smoky purple potions.
  1874 | D:2      | Gained mutation: You are vulnerable to heat. (rF-) [potion
                  | of mutation]
  1874 | D:2      | Gained mutation: Your magical capacity is low. (-10% MP)
                  | [potion of mutation]
  1876 | D:2      | 1876 ||| Stepping ~*~*~tactically~*~*~ (cloud).
  2197 | D:3      | Reached skill level 9 in Ranged Weapons
  2673 | D:3      | 2673 ||| UPGRADING to amulet of reflection.
  2678 | D:3      | 2678 ||| READING 3 scrolls labelled KEOCRE PEARCHU.
  2678 | D:3      | 2678 ||| IDENTIFYING metallic inky potion
  2679 | D:3      | 2679 ||| READING 2 scrolls of identify.
  2679 | D:3      | 2679 ||| IDENTIFYING fuming dark potion
  2680 | D:3      | 2680 ||| READING scroll of identify.
  2680 | D:3      | 2680 ||| IDENTIFYING bubbling brown potion
  2681 | D:3      | 2681 ||| DRINKING 2 lumpy red potions.
  2682 | D:3      | 2682 ||| FLEEEEING.
  2683 | D:3      | 2683 ||| FLEEEEING.
  2684 | D:3      | 2684 ||| FLEEEEING.
  2685 | D:3      | 2685 ||| FLEEEEING.
  2686 | D:3      | 2686 ||| FLEEEEING.
  2687 | D:3      | 2687 ||| FLEEEEING.
  2688 | D:3      | 2688 ||| FLEEEEING.
  2689 | D:3      | 2689 ||| FLEEEEING.
  2690 | D:3      | 2690 ||| FLEEEEING.
  2691 | D:3      | 2691 ||| FLEEEEING.
  2692 | D:3      | 2692 ||| FLEEEEING.
  2693 | D:3      | 2693 ||| FLEEEEING.
  2694 | D:3      | 2694 ||| FLEEEEING.
  2695 | D:3      | 2695 ||| FLEEEEING.
  2696 | D:3      | 2696 ||| FLEEEEING.
  2697 | D:3      | 2697 ||| FLEEEEING.
  2698 | D:3      | 2698 ||| FLEEEEING.
  2699 | D:3      | 2699 ||| FLEEEEING.
  2700 | D:3      | 2700 ||| FLEEEEING.
  2701 | D:3      | 2701 ||| FLEEEEING.
  2702 | D:3      | 2702 ||| STAIRDANCE
  2704 | D:2      | 2704 ||| FLEEEEING.
  2705 | D:2      | 2705 ||| FLEEEEING.
  2706 | D:2      | 2706 ||| FLEEEEING.
  2707 | D:2      | 2707 ||| FLEEEEING.
  2708 | D:2      | 2708 ||| FLEEEEING.
  2709 | D:2      | 2709 ||| FLEEEEING.
  2710 | D:2      | 2710 ||| FLEEEEING.
  2711 | D:2      | 2711 ||| FLEEEEING.
  2712 | D:2      | 2712 ||| FLEEEEING.
  2713 | D:2      | 2713 ||| FLEEEEING.
  2714 | D:2      | 2714 ||| FLEEEEING.
  2715 | D:2      | 2715 ||| FLEEEEING.
  2716 | D:2      | 2716 ||| FLEEEEING.
  2717 | D:2      | 2717 ||| FLEEEEING.
  2718 | D:2      | 2718 ||| FLEEEEING.
  2719 | D:2      | 2719 ||| FLEEEEING.
  2720 | D:2      | 2720 ||| FLEEEEING.
  2721 | D:2      | 2721 ||| FLEEEEING.
  2722 | D:2      | 2722 ||| DROPPING potion of ambrosia.
  2723 | D:2      | 2723 ||| DROPPING potion of invisibility.
  2724 | D:2      | 2724 ||| DROPPING potion of berserk rage.
  2779 | D:4      | 2779 ||| FLEEEEING.
  2781 | D:4      | 2781 ||| FLEEEEING.
  2783 | D:4      | 2783 ||| FLEEEEING.
  2784 | D:4      | 2784 ||| STAIRDANCE
  2913 | D:4      | Noticed an ogre
  2919 | D:4      | HP: 3/30 [ogre/+0 giant spiked club (27)]
  2922 | D:4      | Killed an ogre
  2923 | D:4      | Reached XP level 6. HP: 4/35 MP: 7/7
  2925 | D:4      | HP: 4/35 [orc/+0 club (1)]
  2926 | D:4      | Slain by an orc

Levels and vault maps discovered:
D:1:      lightli_arrival_boilingwater, layout_basic,
          ebering_ecumenical_altar_mist, minmay_misc_feat_room
D:2:      layout_basic, minmay_misc_feat_chi, chequers_big_river,
          nicolae_figureground_pulse, uniq_jessica
D:3:      layout_loops_ring
D:4:      layout_layer_cave, riverfiend_overflow_shadow_ancestor, serial_shops,
          nicolae_shop_hallway_plus, kennysheep_decorative_pillar,
          minmay_surrounded, uniq_pikel, uniq_robin

Skill      XL: |  1  2  3  4  5 |
---------------+----------------+-----
Ranged Weapons | 6 7 8 9 |  9.6
Fighting       | 2 |  2.2
Dodging        | |  2.4
Stealth        | |  1.2

Action                     |  1- 3 |  4- 6 || total
---------------------------+-------+-------++-------
   Fire: Shortbow          |    97 |   155 ||   252
    Use: Scroll            |     3 |     5 ||     8
         Potion            |       |     2 ||     2
 Armour: Leather armour    |     6 |       ||     6
         Ring mail         |    18 |    30 ||    48
  Dodge: Dodged            |    18 |    31 ||    49
  Block: Other             |       |     5 ||     5

Table legend:
 A = Non-vault XP
 B = Vault XP
 C = Vault XP percentage of total XP
 D = Non-vault monster count
 E = Vault monster count
 F = Vault count percentage of total count
                 A         B        C        D         E       F
            +---------+---------+-------+---------+---------+-------
      Total |     374 |      85 |  18.5 |      82 |       4 |   4.7
            +---------+---------+-------+---------+---------+-------
        D:1 |      46 |       0 |   0.0 |      28 |       0 |   0.0
        D:2 |     123 |      37 |  23.1 |      30 |       1 |   3.2
        D:3 |      86 |       0 |   0.0 |      22 |       0 |   0.0
        D:4 |     119 |      48 |  28.7 |       2 |       3 |  60.0
            +---------+---------+-------+---------+---------+-------
